 Dungeon Crawl Stone Soup version 0.29-a0-998-g1987434951 (webtiles) character file.

Game seed: 14873099358667995959

109 vurker the Shooter (level 4, -2/40 HPs)
             Began as a Minotaur Hunter on Aug 5, 2022.
             Slain by a scorpion (7 damage)
             ... on level 3 of the Dungeon.
             The game lasted 00:01:49 (1828 turns).

vurker the Shooter (Minotaur Hunter)                Turns: 1828, Time: 00:01:50

Health: -2/40      AC:  4    Str: 17    XL:     4   Next: 59%
Magic:  3/3        EV: 12    Int:  6    God:
Gold:   136        SH:  0    Dex: 14    Spells: 3/3 levels left

rFire   . . .      SeeInvis .   a - +0 shortbow
rCold   . . .      Faith    .   (shield currently unavailable)
rNeg    . . .      Spirit   .   c - +0 leather armour
rPois   .          Reflect  .   (helmet restricted)
rElec   .          Harm     .   j - +0 cloak {Stlth+}
rCorr   .          Rampage  .   (no gloves)
Will    .....                   (no boots)
Stlth   ++........              d - amulet of the acrobat
HPRegen 0.13/turn               (no ring)
MPRegen 0.08/turn               (no ring)

@: no status effects
A: horns 2, retaliatory headbutt
a: no special abilities


You were on level 3 of the Dungeon.
You visited 1 branch of the dungeon, and saw 3 of its levels.

You collected 136 gold pieces.

Inventory:

Hand Weapons
 a - a +0 shortbow (weapon)
Armour
 c - a +0 leather armour (worn)
 j - a +0 cloak of stealth (worn)
   (You found it on level 1 of the Dungeon)
Jewellery
 d - an amulet of the acrobat (around neck)
   (You found it on level 1 of the Dungeon)
 m - a ring of fire
   (You found it on level 2 of the Dungeon)
Scrolls
 b - 2 scrolls of immolation
 g - a scroll of blinking {unknown}
 h - a scroll of amnesia {unknown}
 i - a scroll of fear {unknown}
 l - 2 scrolls of identify {unknown}
 n - a scroll of brand weapon {unknown}
 o - a scroll of teleportation {unknown}
Potions
 e - 2 potions of heal wounds {unknown}
 f - a potion of curing
 k - a potion of lignification {unknown}
 p - a potion of flight {unknown}
 q - a potion of degeneration {unknown}


   Skills:
 + Level 3.8 Fighting
 * Level 6.0 Ranged Weapons
 - Level 2.1 Dodging
 - Level 0.7 Stealth


You had 3 spell levels left.
You didn't know any spells.
Your spell library contained the following spells:

 Spells                   Type           Power      Damage    Failure   Level
 Tukima's Dance           Hex            0%         N/A       88%         3
 Passage of Golubria      Tloc           0%         N/A       99%         4
 Yara's Violent Unravell  Hex/Tmut       0%         3d3       100%        5


Dungeon Overview and Level Annotations

Branches:
Dungeon (3/15)

Altars:


Innate Abilities, Weirdness & Mutations

You have a pair of horns on your head.
You reflexively headbutt those who attack you in melee.


Message History

Fire: a) +0 shortbow
Aim: a scorpion (lightly wounded, 63% to hit)
You shoot an arrow. The arrow closely misses the scorpion.
The scorpion closely misses you.
Fire: a) +0 shortbow
Aim: a scorpion (lightly wounded, 63% to hit)
You shoot an arrow. The arrow barely misses the scorpion.
The scorpion misses you. The scorpion barely misses you.
Fire: a) +0 shortbow
Aim: a scorpion (lightly wounded, 63% to hit)
You shoot an arrow.
The arrow hits the scorpion but does no damage.
The scorpion barely misses you.
Fire: a) +0 shortbow
Aim: a scorpion (lightly wounded, 63% to hit)
You shoot an arrow. The arrow hits the scorpion.
The scorpion closely misses you. The scorpion barely misses you.
Fire: a) +0 shortbow
Aim: a scorpion (moderately wounded, 63% to hit)
You shoot an arrow.
The arrow hits the scorpion but does no damage.
The scorpion closely misses you. You furiously retaliate!
You headbutt the scorpion.
Fire: a) +0 shortbow
Aim: a scorpion (heavily wounded, 63% to hit)
You shoot an arrow. The arrow hits the scorpion.
The scorpion stings you but does no damage.
The scorpion barely misses you.
Fire: a) +0 shortbow
Aim: a scorpion (severely wounded, 63% to hit)
You shoot an arrow. The arrow barely misses the scorpion.
The scorpion stings you but does no damage.
Fire: a) +0 shortbow
Aim: a scorpion (severely wounded, 63% to hit)
You shoot an arrow. The arrow hits the scorpion.
The scorpion stings you.
* * * LOW HITPOINT WARNING * * *
The scorpion closely misses you.
Fire: a) +0 shortbow
Aim: a scorpion (almost dead, 63% to hit)
You shoot an arrow. The arrow barely misses the scorpion.
The scorpion stings you.
* * * LOW HITPOINT WARNING * * *
Fire: a) +0 shortbow
Aim: a scorpion (almost dead, 63% to hit)
You shoot an arrow. The arrow hits the scorpion.
The scorpion stings you.
* * * LOW HITPOINT WARNING * * *
The scorpion stings you!
You die...

#..........#
#.#.....##.# ##
#...#†#..#.#####.
#..##.##.........
#..#.).#...######
#.#######..##
##.#.....#...#
#..#.....†...#####
#@#########..##...
#s# #..##...
#.).....[ #..##...
#.#.†.... #..##...
#.####### #.###...
#.. ..# #... #..
.. #<.. #.. ####
#... #


You could see a scorpion.

Vanquished Creatures
  A jelly (D:3)
  An adder (D:3)
  2 worms
  3 dart slugs
  6 ball pythons
  2 endoplasms
  6 giant cockroaches
  10 goblins
  5 hobgoblins
  A jackal (D:3)
  2 quokkas (D:2)
  4 bats (D:2)
  2 frilled lizards (D:1)
  3 kobolds (D:1)
  8 rats
56 creatures vanquished.

Notes
Turn   | Place    | Note
-------+----------+-------------------------------------------
     0 | D:1      | vurker the Minotaur Hunter began the quest for the Orb.
     0 | D:1      | Reached XP level 1. HP: 18/18 MP: 0/0
   104 | D:1      | Found a faded altar of an unknown god.
   117 | D:1      | Reached XP level 2. HP: 25/25 MP: 1/1
   201 | D:1      | Reached skill level 5 in Ranged Weapons
   688 | D:1      | Reached XP level 3. HP: 30/31 MP: 2/2
  1757 | D:3      | Reached XP level 4. HP: 38/38 MP: 3/3
  1802 | D:3      | Noticed a scorpion
  1811 | D:3      | Reached skill level 6 in Ranged Weapons
  1828 | D:3      | Slain by a scorpion

Illustrated notes

Levels and vault maps discovered:
D:1:      minmay_arrival_four_loops, layout_basic,
          hellmonk_ecumenical_altar_run_dry, dk_noncrumbling_2, minmay_cut_off
D:2:      layout_basic, nicolae_figureground_sparkle
D:3:      layout_loops_cross, mainiacjoe_overflow_boulevard,
          mainiacjoe_overflow_large_starburst, minmay_divided_ellipse

Skill      XL: |  1  2  3  4 |
---------------+-------------+-----
Ranged Weapons | 5 6 |  6.0
Fighting       | 3 |  3.8
Dodging        | |  2.1
Stealth        | |  0.7

Action                   |  1- 3 |  4- 6 || total
-------------------------+-------+-------++-------
 Fire: Shortbow          |   132 |    30 ||   162
  Use: Potion            |       |     2 ||     2
Armor: Leather armour    |    16 |     7 ||    23
Dodge: Dodged            |    34 |    18 ||    52

Table legend: (Time is in decaauts)
 A = Elapsed time spent in this place.
 B = Non-inter-level travel time spent in this place.
 C = Inter-level travel time spent in this place.
 D = Time resting spent in this place.
 E = Time spent auto-exploring this place.
 F = Levels seen in this place.
 G = Mean time per level.
                   A        B        C        D        E       F      G
               +--------+--------+--------+--------+--------+-----+--------+
         Total |   1870 |   1819 |     51 |      0 |   1472 |   3 |  623.3 |
       Dungeon |   1870 |   1819 |     51 |      0 |   1472 |   3 |  623.3 |
               +--------+--------+--------+--------+--------+-----+--------+

Top non-repeatable levels by time:
     D:1: 826 daAuts
     D:2: 783 daAuts
     D:3: 259 daAuts
